Construct Section Command Post
Construct Platoon Command Post
6-pounder Anti-tank Gun Team
Selects Air and Sea Battlegroup
Selects Commando Section Paradrop
Selects Commando LMG Section Paradrop
Unlock Bishop Self-propelled Artillery
Bishop Self-propelled Artillery
Commando LMG Section Paradrop
Construct Company Command Post
Selects Anti-tank Rocket Loiter
Unlock M3 Grant Medium Tanks
Selects Centaur Medium Tank